 Dungeon Crawl Stone Soup version 0.30-a0-414-gcb316572d5 (webtiles) character file.

Game seed: 9693603060528579430

280 McMuffin the Gusty (level 6, -1/45 (51) HPs)
             Began as a Gnoll Wanderer on Dec 8, 2022.
             Slain by a wight
             ... wielding a +4 short sword
              (10 damage)
             ... on level 4 of the Dungeon.
             The game lasted 00:12:34 (1614 turns).

McMuffin the Gusty (Gnoll Wanderer)                 Turns: 1614, Time: 00:12:34

HP:   -1/45 (51)    AC:  4    Str: 14    XL:     6   Next: 27%
MP:   13/14         EV: 11    Int: 10    God:
Gold: 87            SH:  0    Dex: 12    Spells: 14/15 levels left

rFire   . . .      SeeInvis .    n - +4 long sword
rCold   . . .      Faith    .    (no shield)
rNeg    . . .      Spirit   .    c - +0 leather armour
rPois   .          Reflect  .    (no helmet)
rElec   .          Harm     .    (no cloak)
rCorr   .          Rampage  .    (no gloves)
Will    .....                    l - +0 pair of boots
Stlth   ++........               (no amulet)
HPRegen 0.27/turn                (no ring)
MPRegen 0.14/turn                (no ring)

@: heavily drained
A: fangs 1, strong nose, distributed training
a: no special abilities


You were on level 4 of the Dungeon.
You visited 1 branch of the dungeon, and saw 4 of its levels.

You collected 87 gold pieces.

Inventory:

Hand Weapons
 a - a +1 spear
 d - a +2 short sword of holy wrath
 n - a +4 long sword (weapon)
Armour
 c - a +0 leather armour (worn)
 l - a +0 pair of boots (worn)
Magical Staves
 e - a staff of death
Scrolls
 i - a scroll of identify {unknown}
 j - a scroll of enchant weapon {unknown}
 k - a scroll of teleportation {unknown}
Potions
 b - a potion of attraction
 f - a potion of might
 g - a potion of cancellation {unknown}
 m - a potion of haste {unknown}


   Skills:
 + Level 5.0 Fighting
 + Level 2.0 Short Blades
 + Level 2.0 Long Blades
 + Level 2.0 Axes
 + Level 2.0 Maces & Flails
 + Level 5.0 Polearms
 + Level 2.0 Staves
 + Level 2.0 Ranged Weapons
 + Level 2.0 Throwing
 + Level 2.0 Armour
 + Level 2.0 Dodging
 + Level 2.0 Stealth
 + Level 2.0 Shields
 + Level 2.0 Unarmed Combat
 + Level 5.3 Spellcasting
 + Level 1.5 Conjurations
 + Level 1.5 Hexes
 + Level 1.5 Summonings
 + Level 1.5 Necromancy
 + Level 1.5 Translocations
 + Level 1.5 Transmutations
 + Level 1.5 Fire Magic
 + Level 1.5 Ice Magic
 + Level 7.3 Air Magic
 + Level 1.5 Earth Magic
 + Level 1.5 Poison Magic
 + Level 2.1 Invocations
 + Level 2.0 Evocations


You had 14 spell levels left.
You knew the following spells:

 Your Spells              Type           Power      Damage    Failure   Level
a - Shock                 Conj/Air       44%        1d5       4%          1

Your spell library contained the following spells:

 Spells                   Type           Power      Damage    Failure   Level
 Swiftness                Air            17%        N/A       4%          3
 Cigotuvi's Dreadful Rot  Necr/Pois/Air  18%        N/A       10%         2


Dungeon Overview and Level Annotations

Branches:
Dungeon (4/15)
 Temple: D:4-7

Altars:
Uskayaw


Innate Abilities, Weirdness & Mutations

You have very sharp teeth.
Your uncanny sense of smell can sniff out nearby items.
Your experience applies equally to all skills.


Message History

a +0 short sword; a +0 leather armour; an orc corpse Your magical contamination has completely faded away.
There is a stone staircase leading up here.
You climb upwards.
There is a stone staircase leading down here.
You start resting.
You start to feel less resistant.
You start resting.
You feel a little less mighty now.
You start resting.
Your resistance to elements expires.
You start resting.
Magic restored.
You start resting.
HP restored.
You climb downwards.
There is a stone staircase leading up here.
Aiming: Shock (safe; 4% risk of failure)
Press: ? - help, Q - select action Shift-Dir - straight line, f - wight
Aim: a wight, wielding a +4 short sword and wearing a +0 robe (68% to hit)
The zap hits the wight.
The wight is lightly damaged.
The wight hits you with a +4 short sword!
You closely miss the wight.
The wight is lightly damaged.
The wight hits you with a +4 short sword!
You feel drained.
You closely miss the wight.
The wight is lightly damaged.
The wight barely misses you.
You hit the wight.
The wight is heavily damaged.
The wight hits you with a +4 short sword!
You feel drained.
The wight hits you with a +4 short sword!
* * * LOW HITPOINT WARNING * * *
You feel drained.
* * * LOW HITPOINT WARNING * * *
The wight hits you with a +4 short sword!
You die...

. ... ....+ .#.#
....# .#.# .=..#
. + ..##....#.
... #.#.........
....#.#..≈≈≈≈≈≈≈
.........≈......
.......@[≈.#
...?.###z≈.# ...
#)≈.# . ..≈.#
...≈.# ...≈.#z
....≈(#.≈
#..:.≈.#.≈.
#....≈.# ≈≈≈


You could see 2 wights.

Vanquished Creatures
  2 wights (D:4)
  Natasha (thrice) (D:2)
  Terence (D:2)
  4 adders
  A worm (D:2)
  A dart slug (D:2)
  3 orcs
  3 ball pythons (D:2)
  3 bats
  3 endoplasms
  A giant cockroach (D:2)
  6 goblins
  2 hobgoblins
  3 kobolds (D:1)
  3 frilled lizards
  2 rats
41 creatures vanquished.

Notes
Turn   | Place    | Note
-------+----------+-------------------------------------------
     0 | D:1      | McMuffin the Gnoll Wanderer began the quest for the Orb.
     0 | D:1      | McMuffin set off with the following items: a +1 spear, a
                  | potion of attraction, a +0 leather armour; and the
                  | following spell memorised: Shock; and the following spells
                  | available to memorise: Swiftness, Cigotuvi's Dreadful Rot.
     0 | D:1      | Reached XP level 1. HP: 20/20 MP: 6/6
    74 | D:1      | Reached XP level 2. HP: 26/26 MP: 5/7
   221 | D:2      | Reached skill level 5 in Spellcasting
   221 | D:2      | Reached XP level 3. HP: 21/31 MP: 6/9
   482 | D:2      | Noticed Natasha
   494 | D:2      | Killed Natasha
   495 | D:2      | Reached skill level 1 in Short Blades
   495 | D:2      | Reached skill level 1 in Long Blades
   495 | D:2      | Reached skill level 1 in Axes
   495 | D:2      | Reached skill level 1 in Maces & Flails
   495 | D:2      | Reached skill level 1 in Staves
   495 | D:2      | Reached skill level 1 in Ranged Weapons
   495 | D:2      | Reached skill level 1 in Throwing
   495 | D:2      | Reached skill level 1 in Armour
   495 | D:2      | Reached skill level 1 in Dodging
   495 | D:2      | Reached skill level 1 in Stealth
   495 | D:2      | Reached skill level 1 in Shields
   495 | D:2      | Reached skill level 1 in Unarmed Combat
   495 | D:2      | Reached skill level 1 in Invocations
   495 | D:2      | Reached skill level 1 in Evocations
   524 | D:2      | Found a hide-covered altar of Uskayaw.
   575 | D:2      | Noticed Natasha
   588 | D:2      | Killed Natasha
   589 | D:2      | Reached skill level 1 in Conjurations
   589 | D:2      | Reached skill level 1 in Hexes
   589 | D:2      | Reached skill level 1 in Summonings
   589 | D:2      | Reached skill level 1 in Necromancy
   589 | D:2      | Reached skill level 1 in Translocations
   589 | D:2      | Reached skill level 1 in Transmutations
   589 | D:2      | Reached skill level 1 in Fire Magic
   589 | D:2      | Reached skill level 1 in Ice Magic
   589 | D:2      | Reached skill level 1 in Earth Magic
   589 | D:2      | Reached skill level 1 in Poison Magic
   589 | D:2      | Reached XP level 4. HP: 23/38 MP: 7/11
   629 | D:2      | Noticed Natasha
   644 | D:2      | Killed Natasha
   645 | D:2      | Reached XP level 5. HP: 17/43 MP: 6/12
   799 | D:2      | Noticed Terence
   813 | D:2      | Killed Terence
  1424 | D:4      | Reached XP level 6. HP: 12/50 MP: 7/13
  1458 | D:4      | Reached skill level 5 in Fighting
  1458 | D:4      | Reached skill level 5 in Polearms
  1614 | D:4      | Slain by a wight

Illustrated notes

Levels and vault maps discovered:
D:1:      dpeg_arrival_central, layout_rooms, shapermc_ecumenical_altar_venn,
          kennysheep_crisscross
D:2:      layout_basic, basic_altar, uniq_natasha, uniq_terence
D:3:      layout_basic, minmay_three_crescents
D:4:      layout_basic, nicolae_overflow_squiral, kennysheep_generic_room_6,
          uniq_eustachio

Skill      XL: |  1  2  3  4  5  6 |
---------------+-------------------+-----
Spellcasting   | 5 |  5.3
Short Blades   | 1 2 |  2.0
Long Blades    | 1 2 |  2.0
Axes           | 1 2 |  2.0
Maces & Flails | 1 2 |  2.0
Staves         | 1 2 |  2.0
Ranged Weapons | 1 2 |  2.0
Throwing       | 1 2 |  2.0
Armour         | 1 2 |  2.0
Dodging        | 1 2 |  2.0
Stealth        | 1 2 |  2.0
Shields        | 1 2 |  2.0
Unarmed Combat | 1 2 |  2.0
Invocations    | 1 2 |  2.1
Evocations     | 1 2 |  2.0
Conjurations   | 1 |  1.5
Hexes          | 1 |  1.5
Summonings     | 1 |  1.5
Necromancy     | 1 |  1.5
Translocations | 1 |  1.5
Transmutations | 1 |  1.5
Fire Magic     | 1 |  1.5
Ice Magic      | 1 |  1.5
Earth Magic    | 1 |  1.5
Poison Magic   | 1 |  1.5
Fighting       | 5 |  5.0
Polearms       | 5 |  5.0
Air Magic      | |  7.3

Action                   |  1- 3 |  4- 6 || total
-------------------------+-------+-------++-------
Melee: Spear             |     8 |       ||     8
       Bite              |     4 |     4 ||     8
       Short sword       |    39 |    62 ||   101
       Punch             |       |     2 ||     2
       Long sword        |       |     6 ||     6
 Cast: Shock             |    17 |    39 ||    56
  Use: Scroll            |       |     1 ||     1
       Potion            |       |     2 ||     2
 Stab: Sleeping          |     1 |       ||     1
Armor: Leather armour    |     5 |     8 ||    13
Dodge: Dodged            |    26 |    32 ||    58

Table legend: (Time is in decaauts)
 A = Elapsed time spent in this place.
 B = Non-inter-level travel time spent in this place.
 C = Inter-level travel time spent in this place.
 D = Time resting spent in this place.
 E = Time spent auto-exploring this place.
 F = Levels seen in this place.
 G = Mean time per level.
                   A        B        C        D        E       F      G
               +--------+--------+--------+--------+--------+-----+--------+
         Total |   1625 |   1625 |      0 |    464 |      0 |   4 |  406.2 |
       Dungeon |   1625 |   1625 |      0 |    464 |      0 |   4 |  406.2 |
               +--------+--------+--------+--------+--------+-----+--------+

Top non-repeatable levels by time:
     D:2: 890 daAuts
     D:3: 536 daAuts
     D:1: 139 daAuts
     D:4: 59 daAuts
